Cogmind - Beta 15 *** ADVENTURER MODE // 2025.06.06 @ 20:11:02 Player: KYUANTUM Result: Destroyed by as-02692 with Assembled Heavy Rifle Performance ------------- Evolutions (0) 0 Regions Visited (2) 400 Robots Destroyed (10) 50 Value Destroyed (206) 206 Prototype IDs (0) 0 Alien Tech Used (0) 0 Bonus (0) 0 TOTAL SCORE: 656 Bonus ------- None Cogmind --------- Core Integrity 0/250 Matter 263/300 Energy 100/100 System Corruption 1% Temperature Cool (0) Movement Core (100) Ox1 Location -10/Mines Parts ------- > --- POWER (1) -------- (None) > --- PROPULSION (2) --- (None) > --- UTILITY (2) ------ Small Storage Unit Visual Processing Unit > --- WEAPON (2) ------- Light Assault Rifle > --- INVENTORY (8) ---- Ion Engine Light Treads Medium Matter Pod (100) Terrain Scanner Targeting Computer Datajack Welding Torch Peak State ------------ > --- POWER ------------ Ion Engine > --- PROPULSION ------- Light Treads Light Treads > --- UTILITY ---------- Small Storage Unit Visual Processing Unit > --- WEAPON ----------- Light Assault Rifle Light Assault Rifle > --- INVENTORY -------- Ion Engine Medium Matter Pod Targeting Computer Welding Torch [Rating: 8] Favorites ----------- Power Light Ion Engine Engine Light Ion Engine Propulsion Light Treads Treads Light Treads Utility Small Storage Unit Storage Small Storage Unit Processor Visual Processing Unit Weapon Light Assault Rifle Ballistic Gun Light Assault Rifle Special Melee Weapon Datajack Build | -11 -10 -10 ------- Run | Yrd Mat Min Slots Evolved . | . . . Power . | . . . Propulsion . | . . . Utility . | . . . Weapon . | . . . Parts Attached 11 | 6 4 1 Power 2 | 1 1 . Engine 2 | 1 1 . Core . | . . . Reactor . | . . . Propulsion 2 | 2 . . Treads 2 | 2 . . Leg . | . . . Wheel . | . . . Hover . | . . . Flight . | . . . Utility 3 | 1 2 . Device . | . . . Storage 2 | 1 1 . Processor 1 | . 1 . Hackware . | . . . Protection . | . . . Artifact . | . . . Weapon 4 | 2 1 1 Energy Gun . | . . . Energy Cannon . | . . . Ballistic Gun 3 | 2 . 1 Ballistic Cannon . | . . . Launcher . | . . . Special Weapon . | . . . Impact Weapon . | . . . Slashing Weapon . | . . . Piercing Weapon . | . . . Special Melee Weapon 1 | . 1 . Unidentified Prototypes . | . . . Parts Lost 5 | . . 5 Power 1 | . . 1 Propulsion 2 | . . 2 Utility . | . . . Weapon 2 | . . 2 Highest Loss Streak 5 | . . 5 To Critical Strikes . | . . . Average Backups 6 | 1 6 7 Power 1 | . 1 1 Propulsion . | . . 1 Utility 2 | . 2 3 Weapon 1 | . 1 1 Tool/Special . | . . . Unused Backups 5 | . 1 4 Power 1 | . 1 . Propulsion 1 | . . 1 Utility 2 | . . 2 Weapon . | . . . Tool/Special 1 | . . 1 Average Slot Usage (%) 98 | . 98 92 Engine 13 | . 14 13 Treads 27 | . 28 23 Storage 14 | . 14 14 Processor 12 | . 12 14 Ballistic Gun 18 | . 18 14 Special Melee Weapon 9 | . 9 11 Peak Build Rating 8 | 6 8 8 Average Rating 7 | 4 7 7 On Entrance 4 | . 6 8 Naked Turns . | . . . Heaviest Build 14 | 12 14 10 Greatest Support 40 | 40 40 40 Greatest Overweight (x) 3 | . . 3 Average Overweight (x) . | . . . Largest Inventory Capacity 8 | 8 8 8 Average Capacity 7 | 6 8 8 Most Carried 8 | 4 8 8 Average Carried 6 | 1 6 7 Final Capacity 8 | 8 8 8 Final Carried 8 | 1 8 7 Class Distribution -------------------- 100% | Mutant Dominant Class ---------------- Mutant | -10/Materials Mutant | -10/Mines Resources | -11 -10 -10 ----------- Run | Yrd Mat Min Matter Collected 456 | 268 188 . Remotely . | . . . Salvage Created 317 | 74 195 48 Parts 18 | 4 13 1 Haulers Intercepted . | . . . Recyclers Shooed . | . . . Parts Field Recycled . | . . . Retrieved Matter . | . . . Parts Self-Destructed . | . . . Prevented . | . . . Kills | -11 -10 -10 ------- Run | Yrd Mat Min Combat Hostiles Destroyed 9 | . 7 2 Guns 9 | . 7 2 Classes Destroyed 6 | 1 3 2 Recycler 1 | 1 . . Watcher 1 | . 1 . Swarmer 5 | . 5 . Grunt 2 | . 2 . Demolisher 1 | . . 1 Assembled 1 | . . 1 Best Kill Streak 3 | 1 3 1 Combat Bots Only 3 | . 3 1 Max Kills in Single Turn 1 | 1 1 1 Gunslinging . | . . . Exploded . | . . . Melee . | . . . Uniques/NPCs Destroyed . | . . . Combat | -11 -10 -10 -------- Run | Yrd Mat Min Hostile Shots Fired 87 | . 41 46 Missed 23 | . 13 10 Hits 64 | . 28 36 Melee 2 | . . 2 Projectile 62 | . 28 34 AOE 6 | . . 6 Damage Taken 852 | . 256 596 Core 252 | . 38 214 Absorbed by Shields . | . . . Ignored by Resistances 243 | . 76 167 Core Remaining (%) 100 | 100 . . Volleys Fired 55 | 6 25 24 Largest 2 | 2 2 2 Hottest 40 | 40 40 40 Shots Fired 86 | 8 48 30 Gun 86 | 8 48 30 Cannon . | . . . Launcher . | . . . Special . | . . . Kinetic 86 | 8 48 30 Thermal . | . . . Explosive . | . . . Electromagnetic . | . . . Robot Hit Streak 11 | 4 11 5 Robot Miss Streak 7 | 1 2 7 Penetration Max . | . . . Secondary Targets 1 | . 1 . Max Gunslinging Chain 1 | . 1 . Shots Hit Robots 67 | 6 42 19 Core Hits 27 | 2 18 7 Critical Kills 1 | . 1 . Critical Parts Destroyed . | . . . Critical Strikes 1 | . 1 . Destroy 1 | . 1 . Melee Attacks 10 | . 8 2 Impact . | . . . Slashing . | . . . Piercing . | . . . Sneak Attacks 10 | . 8 2 Combat Hostiles . | . . . Follow-up Attacks . | . . . Damage Inflicted 464 | 46 288 130 Guns 464 | 46 288 130 Cannons . | . . . Explosions . | . . . Melee . | . . . Ramming . | . . . Kinetic 464 | 46 288 130 Thermal . | . . . Explosive . | . . . Electromagnetic . | . . . Impact . | . . . Slashing . | . . . Piercing . | . . . Highest Corruption 1 | . 1 1 Average Corruption 1 | . 1 1 Corruption Purged . | . . . Corruption Blocked . | . . . Effects 5 | . . 5 Matter Fused 2 | . . 2 Energy Discharges 1 | . . 1 Alerts 1 | . . 1 Weapon Failures 1 | . . 1 Overload Shots . | . . . Overflow Damage . | . . . Projectiles . | . . . Explosions . | . . . Melee . | . . . Knockbacks . | . . . Impact . | . . . Kinetic . | . . . Secondary . | . . . Self-Inflicted Damage . | . . . Shots . | . . . Rammed . | . . . Targets Rammed . | . . . Kicked . | . . . Crushed . | . . . Highest Temperature 24 | . 24 . Average Temperature 9 | . 9 . Received Heat Transfer 30 | . 30 . Siege Activations . | . . . Martial Activations . | . . . Shielding Activations . | . . . Robots Disrupted . | . . . Combat Hostiles . | . . . Robots Corrupted . | . . . Combat Hostiles . | . . . Parts Fried . | . . . Impact Corruptions . | . . . Robots Melted . | . . . Combat Hostiles . | . . . Parts Melted . | . . . Heat Transferred . | . . . Parts Sabotaged . | . . . Parts Stolen . | . . . Parts Stripped . | . . . Power Chain Reactions . | . . . Alert | -11 -10 -10 ------- Run | Yrd Mat Min Maximum Alert Level . | . . . Low Security (%) 100 | 100 100 100 Level 1 . | . . . Level 2 . | . . . Level 3 . | . . . Level 4 . | . . . Level 5 . | . . . High Security . | . . . Max Security . | . . . Peak Influence 100 | 5 100 20 Initial . | . . . Average 5 | . 6 . Influence Increases 206 | 5 181 20 Destroy 0b10 Robot/C 160 | . 140 20 Destroy 0b10 Robot/NC 10 | 5 5 . Destroy Leader 32 | . 32 . Successful Hack 4 | . 4 . Influence Decreases 206 | 5 181 20 Time Decay 196 | 5 181 10 Lost Part 10 | . . 10 Squads Dispatched . | . . . Investigation . | . . . Extermination . | . . . Reinforcement . | . . . Assault . | . . . Garrison . | . . . Intercept . | . . . Searches Triggered . | . . . Construction Impeded . | . . . Haulers Reinforced . | . . . Active Scanning Responses . | . . . Cargo Convoy Interrupts . | . . . Stealth | -11 -10 -10 --------- Run | Yrd Mat Min Distress Signals 1 | . 1 . Communications Jammed . | . . . Distress Signals . | . . . Times Spotted 29 | . 12 17 Peak Tracking Total 19 | . 3 19 Tactical Retreats . | . . . Traps | -11 -10 -10 ------- Run | Yrd Mat Min Traps Triggered 3 | . 3 . Indirectly . | . . . Trap Hack Attempts . | . . . Triggered . | . . . Disarmed 4 | . 4 . Reprogrammed . | . . . Reused . | . . . Traps Extracted . | . . . Installed . | . . . Triggered . | . . . Machines | -11 -10 -10 ---------- Run | Yrd Mat Min Machines Disabled . | . . . Max in Single Turn . | . . . Machines Repaired . | . . . Machines Dismantled . | . . . Machines Sabotaged . | . . . Overloaded Fab Kills . | . . . Hacking | -11 -10 -10 --------- Run | Yrd Mat Min Machines Accessed 6 | . 6 . Terminals 6 | . 6 . Fabricators . | . . . Repair Stations . | . . . Recycling Units . | . . . Scanalyzers . | . . . Garrison Access . | . . . Total Hacks 21 | . 21 . Successful 16 | . 16 . Failed 4 | . 4 . Catastrophic . | . . . Database Lockouts 1 | . 1 . Manual . | . . . Terminals 21 | . 21 . Fabricators . | . . . Repair Stations . | . . . Recycling Units . | . . . Scanalyzers . | . . . Garrison Access . | . . . Terminal Hacks 16 | . 16 . Record 9 | . 9 . Emergency Access Points 1 | . 1 . Alert Level 2 | . 2 . Locate Traps 2 | . 2 . Disarm Traps 1 | . 1 . Zone Layout 1 | . 1 . Fabricator Hacks . | . . . Repair Station Hacks . | . . . Recycling Unit Hacks . | . . . Scanalyzer . | . . . Garrison Access Hacks . | . . . Unauthorized Hacks . | . . . Terminals . | . . . Fabricators . | . . . Repair Stations . | . . . Recycling Units . | . . . Scanalyzers . | . . . Garrison Access . | . . . Data Cores Recovered . | . . . Used . | . . . Hacking Detections 4 | . 4 . Full Trace Events . | . . . Feedback Events . | . . . Feedback Blocked . | . . . Robot Schematics Acquired . | . . . Robots Built . | . . . Authchips . | . . . Time . | . . . Total Robot Build Rating . | . . . Part Schematics Acquired . | . . . Parts Built . | . . . Authchips . | . . . Time . | . . . Total Part Build Rating . | . . . Parts Repaired . | . . . Time . | . . . Parts Recycled . | . . . Recycled Matter . | . . . Retrieved Matter . | . . . Retrieved Components . | . . . Parts Scanalyzed . | . . . Part Schematics Acquired . | . . . Parts Damaged . | . . . Bothacking | -11 -10 -10 ------------ Run | Yrd Mat Min Used RIF Installer . | . . . Robots Hacked 5 | . 4 1 Non-combat 5 | . 4 1 Combat . | . . . Robot Hacks Applied 5 | . 4 1 no_distress 4 | . 3 1 find_station 1 | . 1 . Relay Couplers Released . | . . . Fabnet Peak Effective % . | . . . Robots Rewired . | . . . Allies Hacked . | . . . Hacks Repelled . | . . . Allies | -11 -10 -10 -------- Run | Yrd Mat Min Total Allies . | . . . Largest Group . | . . . Highest-Rated Group . | . . . Highest-Rated Ally . | . . . Total Orders . | . . . Ally Attacks . | . . . Total Damage . | . . . Kills . | . . . Allies Corrupted . | . . . Allies Melted . | . . . Intel | -11 -10 -10 ------- Run | Yrd Mat Min Active Infowar (turns) 2331 | . 2047 284 Optics 2331 | . 2047 284 Robot Analysis Total . | . . . Derelict Logs Recovered . | . . . Drone Launches . | . . . Drone Recoveries . | . . . Exploration | -11 -10 -10 ------------- Run | Yrd Mat Min Turns Passed 2642 | 119 2239 284 Spaces Moved 938 | 68 726 144 Core 17 | 13 . 4 Treads 921 | 55 726 140 Legs . | . . . Wheels . | . . . Hover . | . . . Flight . | . . . Fastest Speed 50 | 50 160 100 Average Speed 158 | 138 160 159 Slowest Speed 200 | 160 160 200 Overloaded Moves . | . . . Propulsion Burnouts . | . . . Robots Hopped . | . . . Potential Cave-ins . | . . . Cave-ins Triggered . | . . . Exploration Rate (%) 40 | 6 72 44 Regions Visited 2 Branch Regions 1 Pre-discovered Areas . | . . . Known Exits Taken . | . . . Unknown Exits Taken 2 | 1 1 . Scrap Searched . | . . . Spaces Dug . | . . . Terrain Destroyed . | . . . Melee . | . . . Projectile . | . . . AOE . | . . . Terrain Rammed . | . . . Walls Destroyed . | . . . Machines Disabled . | . . . Actions | -11 -10 -10 --------- Run | Yrd Mat Min Total 2018 | 86 1760 172 Wait 988 | . 988 . Move 936 | 67 725 144 Hop . | . . . Pick Up 16 | 7 9 . Fast Attach . | . . . Attach 8 | 6 1 1 Detach . | . . . Swap 4 | . 3 1 Drop 1 | . 1 . Fire 55 | 6 25 24 Melee 10 | . 8 2 Ram . | . . . Kick . | . . . Crush . | . . . Escape Stasis . | . . . Rewire . | . . . Trap . | . . . Miscellaneous . | . . . Route ------- -11/Scrapyard -10/Materials (discovered 3 exits: [*Mat] / [*Min x2]) -10/Mines (discovered 1 exit: [*Mat]) History --------- Turn | Location | Event 4 | -11/Scrapyard | Discovered new exit (range 15) 120 | -11/Scrapyard | Entered Materials 259 | -10/Materials | Discovered new exit (range 7) 311 | -10/Materials | Build established: Mutant 357 | -10/Materials | Discovered new exit (range 5) 646 | -10/Materials | Discovered new exit (range 17) 895 | -10/Materials | Central database locked down 2359 | -10/Materials | Entered Mines 2513 | -10/Mines | Discovered new exit (range 8) 2560 | -10/Mines | Assembled infested the area 2565 | -10/Mines | Assisted by a Guerilla fighting off Assembled 2590 | -10/Mines | Core integrity fell below 50% 2631 | -10/Mines | Core integrity fell below 20% 2643 | -10/Mines | Destroyed by as-02692 with Assembled Heavy Rifle Last Messages --------------- 02591_ as-70785 destroyed. 02594_ Lgt. Treads destroyed. 02599_ The unstable cave ceiling collapses. 02602_ Lgt. Treads destroyed. 02604_ D-53 Grenadier destroyed. 02608_ The unstable cave ceiling collapses. 02608_ Lgt. Assault Rifle destroyed. 02612_ System corrupted: Matter fused (-7). 02613_ U-05 Engineer lays Concrete. 02621_ The unstable cave ceiling collapses. 02621_ U-05 Engineer destroyed. 02622_ Lgt. Assault Rifle destroyed. 02628_ The unstable cave ceiling collapses. 02628_ Lgt. Ion Engine destroyed. 02635_ The unstable cave ceiling collapses. 02638_ System corrupted: IFF burst signal emitted. 02638_ The unstable cave ceiling collapses. 02639_ as-87810 destroyed. 02643_ The unstable cave ceiling collapses. Map ----- +----------------------------------------------------+ | ????????????????????????????????#### #####???? | | ???????????????????????????????????## ###???????? | | ????????????????????????????????????# #???????### | | ??????????????????????#?????????????# #?????## # | | ??????????????????????# ????????????# #????# < | | ??????????????????????# ????????????# #??## | | ??????????????????????# #?????####??# #### | | ???????????????????#### ##??## ##?# # | | ???????????????? # # ### #?###### ## | | ??????????????? = ## ######## ##? | | ???????????? # # !%= # ## ####?? | | ??????????? a !=%! ##### ## #????? | | ??????????? % % % %=* #???# #????? | | ???????????? % #???#### | | ??????????? #?????? | | ??????????? ] ## ##?????? | | ??????????? ? % #####??????## | | ????????????# ## ###?????????## | | ?????????????# ##?????????# | | ?????????????## #????????? # | | ??????????????### % ##?????????## ### | | ????????????????## ! #???????????####?? | | ?????????????????## =% # #????????????????? | | ??????????????????# #????????????????? | | ??????????????????## ##????????????????? | | ???????????????????# # ##@ ## #?????????????????? | | ???????????????????# ## # ##?????????????????? | | ???????????????????# ???????????????? | | ???????????????????#### ######??????????????? | | ??????????????????????### ####??????????????????? | | ????????????????????????# #?????????????????????? | | ???????????????????????? ?????????????????????? | | ???????????????????????? """?????????????????????? | | ??????????????????????? """?????????????????????? | | ??????????????????????? """?????????????????????? | | ???????????????????????# ????????????????????? | | ???????????????????????#####?????????????????????? | | ?????????????????????????????????????????????????? | | ?????????????????????????????????????????????????? | | | | | | | | | | | | | | | | | | | | | | | +----------------------------------------------------+ Best States ------------- Heat Dissipation 25 Energy Generation 10 Energy Capacity 250 Matter Stores 384 Matter Capacity 400 Sight Range 18 Terrain Scan Density 10 Resistance: KI 20 Resistance: TH 20 Resistance: EX 20 Resistance: EM 20 Resistance: I 20 Resistance: S 20 Resistance: P 20 Evasion (%) 50 Recoil Reduction 2 Offensive Hacking 10 Item Schematics ----------------- None Robot Schematics ------------------ None Fabricated ------------ Nothing Repaired ---------- Nothing Alien Tech Used ----------------- None Achievements -------------- Storm Trooper Challenges ------------ None Game ------ Seed AssembledDiametricBroadsword Manual? 0 Play Time 00:20:31 Cumulative 4.0 hours Start 2025.06.06 @ 19:41:44 End 2025.06.06 @ 20:11:02 Sessions 1 Manual Loads 0 Difficulty Adventurer Special Mode None Game No. 4 Rogue 0 Adventurer 4 Explorer 0 Win Type - Total 0 Types 0/0/0/0/0/0/0/0/0/0 Lore% 2 Gallery% 7 Achievement% 10 Wizard Run 0 Options --------- Layout 2 ASCII 0 Keyboard 0 Movement Mouse Keybinds 0 Fullscreen 1 Font 32/SmallcapsGlow Map View 25x22 Zoom Use 100% Tactical HUD 1 Map Filters NONE Filters NONE Steam 1 RUN: 07b940b5-655d-4801-a913-8f3e9fa5871d